 Dungeon Crawl Stone Soup version 0.30-a0-728-gc68057be0a (webtiles) character file.

Game seed: 13017427753484584505

281 infinitevox the Stinger (level 6, -2/44 HPs)
             Began as a Demonspawn Wanderer on Jan 31, 2023.
             Slain by a gnoll
             ... wielding a +0 flail
              (10 damage)
             ... on level 4 of the Dungeon.
             The game lasted 00:15:53 (2958 turns).

infinitevox the Stinger (Demonspawn Wanderer)       Turns: 2958, Time: 00:15:54

Health: -2/44      AC:  5    Str: 22    XL:     6   Next: 6%
Magic:  6/7        EV: 11    Int: 13    God:
Gold:   137        SH:  0    Dex: 11    Spells: 6/7 levels left

rFire   . . .      SeeInvis .    v - +1 hand axe (venom)
rCold   . . .      Faith    .    (no shield)
rNeg    . . .      Spirit   .    b - +0 ring mail
rPois   .          Reflect  .    (no helmet)
rElec   .          Harm     .    (no cloak)
rCorr   .          Rampage  .    (no gloves)
Will    .....                    (no boots)
Stlth   +                        (no amulet)
HPRegen 0.27/turn                l - +6 ring of strength
MPRegen 0.20/turn                (no ring)

@: no status effects
A: hooves 1, magic regeneration
a: no special abilities


You were on level 4 of the Dungeon.
You visited 1 branch of the dungeon, and saw 4 of its levels.

You collected 137 gold pieces.

Inventory:

Hand Weapons
 u - a +0 mace
 v - a +1 hand axe of venom (weapon)
Armour
 b - a +0 ring mail (worn)
Jewellery
 a - an amulet of faith
 l - a +6 ring of strength (left hand)
Scrolls
 d - a scroll of enchant armour {unknown}
 e - 2 scrolls of teleportation {unknown}
 f - a scroll of fear {unknown}
 g - 2 scrolls of noise {unknown}
 h - a scroll of enchant weapon {unknown}
 j - a scroll of fog {unknown}
 k - a scroll of amnesia {unknown}
 n - a scroll of immolation {unknown}
 o - a scroll of brand weapon {unknown}
 q - 2 scrolls of identify {unknown}
Potions
 i - a potion of cancellation
 m - a potion of berserk rage
 r - a potion of curing {unknown}
 s - a potion of haste {unknown}
 t - a potion of might {unknown}


   Skills:
 + Level 2.0 Fighting
 - Level 3.0 Armour
 - Level 3.0 Dodging
 - Level 0.1 Shields
 - Level 1.0 Spellcasting
 - Level 2.0 Transmutations
 * Level 5.1 Poison Magic


You had 6 spell levels left.
You knew the following spells:

 Your Spells              Type           Power      Damage    Failure   Level
a - Sting                 Tmut/Pois      36%        1d4       10%         1

Your spell library contained the following spells:

 Spells                   Type           Power      Damage    Failure   Level
 Wereblood                Tmut           5%         N/A       28%         2
 Freeze                   Ice            0%         1d3       41%         1
 Passwall                 Tmut/Erth      2%         N/A       41%         2
 Frozen Ramparts          Ice            0%         1d1       78%         3
 Hailstorm                Conj/Ice       0%         3d3       78%         3
 Inner Flame              Hex/Fire       0%         N/A       78%         3
 Summon Guardian Golem    Hex/Summ       0%         N/A       78%         3
 Cause Fear               Hex            0%         N/A       99%         4
 Orb of Destruction       Conj           0%         9d5       100%        7
 Spellforged Servitor     Conj/Summ      0%         N/A       100%        7
 Discord                  Hex            0%         N/A       100%        8


Dungeon Overview and Level Annotations

Branches:
Dungeon (4/15)
 Temple: D:4-7

Altars:
Dithmenos

Shops:
D:3 [


Innate Abilities, Weirdness & Mutations

You have large cloven feet.
You regenerate magic rapidly.


Message History

The gnoll hits you with a +0 flail.
A gnoll comes into view. It is wielding a +0 flail.
You hit the gnoll.
The gnoll looks even sicker.
Your kick misses the gnoll.
The gnoll is moderately wounded.
The gnoll completely misses you.
You barely miss the gnoll. Your kick misses the gnoll.
The gnoll is heavily wounded.
The gnoll hits you with a +0 flail.
You hit the gnoll.
The gnoll is poisoned.
Your kick misses the gnoll.
The gnoll is moderately wounded.
You hit the gnoll.
The gnoll is severely wounded.
You hit the gnoll.
The gnoll looks as sick as possible!
The gnoll hits you with a +0 flail! The gnoll hits you with a +0 flail.
You hit the gnoll.
You kill the gnoll!
You hit the gnoll.
The gnoll looks as sick as possible!
You kill the gnoll!
The gnoll closely misses you.
You have reached level 6!
Your demonic ancestry asserts itself...
Your magic begins to regenerate rapidly.
You barely miss the gnoll. You kick the gnoll, but do no damage.
The gnoll closely misses you.
You hit the gnoll but do no damage.
The gnoll is poisoned.
Your kick misses the gnoll. The gnoll closely misses you.
Casting: Sting (safe; 10% risk of failure)
Confirm with . or Enter, or press ? or * to list all spells.
Aiming: Sting (safe; 10% risk of failure)
Press: ? - help, Shift-Dir - straight line, f/p - gnoll
Aim: a gnoll, wielding a +0 flail (very poisoned, 72% to hit)
The sting misses the gnoll.
The gnoll barely misses you.
You barely miss the gnoll. Your kick misses the gnoll.
The gnoll is lightly wounded.
The gnoll hits you with a +0 flail. The gnoll closely misses you.
The gnoll attacks as you move away! The gnoll hits you with a +0 flail!
* * * LOW HITPOINT WARNING * * *
It was a potion of cancellation.
You feel magically purged. The gnoll hits you with a +0 flail!
You die...

.......##....................#'##
........†.................
........##...#####.........
.........#.#+#...#+#.......
.......#####.......#####..#
+#...#†#.#...........# +##
#####...##.........#
#..)...'.........+
#......##....@..#
#.......#....g..#
+.......####)#### #.......# ...
#......## ..... #......+ .......
###...##..[......
#+#.#........... #####.......###


You could see a gnoll (very poisoned).

Vanquished Creatures
  An ogre (D:4)
  A hound (D:4)
  An orc wizard (D:4)
  2 gnolls (D:4)
  3 adders
  A shadow imp (D:3)
  An ufetubus (D:4)
  4 worms
  A dart slug (D:3)
  3 orcs (D:4)
  5 endoplasms
  2 giant cockroaches (D:4)
  2 goblins
  7 hobgoblins
  6 jackals
  3 quokkas
  6 ball pythons
  10 bats
  4 frilled lizards
  3 kobolds
  6 rats
72 creatures vanquished.

Notes
Turn   | Place    | Note
-------+----------+-------------------------------------------
     0 | D:1      | infinitevox the Demonspawn Wanderer began the quest for the
                  | Orb.
     0 | D:1      | infinitevox set off with the following items: a +0 club, a
                  | +0 ring mail, a scroll of vulnerability, a potion of
                  | lignification; and the following spell memorised: Sting;
                  | and the following spells available to memorise: Wereblood,
                  | Passwall.
     0 | D:1      | Reached XP level 1. HP: 15/15 MP: 2/2
   374 | D:1      | Gained mutation: You have large cloven feet. [demonic
                  | ancestry]
   374 | D:1      | Reached XP level 2. HP: 21/21 MP: 1/3
   620 | D:1      | Reached skill level 1 in Poison Magic
  1178 | D:2      | Reached XP level 3. HP: 26/26 MP: 2/4
  1312 | D:2      | Reached skill level 2 in Poison Magic
  1982 | D:3      | Reached XP level 4. HP: 19/32 MP: 2/5
  2159 | D:3      | Reached skill level 3 in Poison Magic
  2276 | D:3      | Found Xadieps's Antique Armour Boutique.
  2348 | D:3      | Found a shadowy altar of Dithmenos.
  2712 | D:4      | Noticed an ogre
  2723 | D:4      | Reached skill level 4 in Poison Magic
  2723 | D:4      | Reached XP level 5. HP: 23/38 MP: 2/6
  2731 | D:4      | HP: 1/38 [ogre/+0 giant club (20)]
  2735 | D:4      | Killed an ogre
  2736 | D:4      | Reached skill level 5 in Poison Magic
  2953 | D:4      | Gained mutation: You regenerate magic rapidly. [demonic
                  | ancestry]
  2953 | D:4      | Reached XP level 6. HP: 18/44 MP: 5/7
  2958 | D:4      | Slain by a gnoll

Illustrated notes

Levels and vault maps discovered:
D:1:      dpeg_arrival_castle, layout_loops_ring, corexii_leaking_fountain,
          hex_tiny, dk_noncrumbling_2
D:2:      minmay_spotlight, layout_loops_ring
D:3:      layout_rooms, nicolae_dithmenos_through_a_glass_darkly, serial_shops,
          shop
D:4:      nicolae_cairo_tiling_very_big, layout_gridville,
          mainiacjoe_overflow_concentric_impassable, uniq_ijyb

Skill      XL: |  1  2  3  4  5 |
---------------+----------------+-----
Armour         | 3 |  3.0
Transmutations | 2 |  2.0
Dodging        | 3 |  3.0
Poison Magic   | 1 2 4 5 |  5.1
Fighting       | 2 |  2.0
Shields        | |  0.1
Spellcasting   | |  1.0

Action                     |  1- 3 |  4- 6 || total
---------------------------+-------+-------++-------
  Melee: Club              |    57 |       ||    57
         Kick              |    20 |    11 ||    31
         Dagger            |    52 |    40 ||    92
         Hand axe          |       |    24 ||    24
   Cast: Sting             |    37 |    34 ||    71
    Use: Potion            |     1 |     2 ||     3
 Armour: Ring mail         |    42 |    29 ||    71
  Dodge: Dodged            |    65 |    47 ||   112

Table legend: (Time is in decaauts)
 A = Elapsed time spent in this place.
 B = Non-inter-level travel time spent in this place.
 C = Inter-level travel time spent in this place.
 D = Time resting spent in this place.
 E = Time spent auto-exploring this place.
 F = Levels seen in this place.
 G = Mean time per level.
                   A        B        C        D        E       F      G
               +--------+--------+--------+--------+--------+-----+--------+
         Total |   2963 |   2925 |     38 |    408 |   1931 |   4 |  740.8 |
       Dungeon |   2963 |   2925 |     38 |    408 |   1931 |   4 |  740.8 |
               +--------+--------+--------+--------+--------+-----+--------+

Top non-repeatable levels by time:
     D:1: 985 daAuts
     D:2: 902 daAuts
     D:3: 632 daAuts
     D:4: 442 daAuts
